 Dungeon Crawl Stone Soup version 0.30-a0-728-gc68057be0a (webtiles) character file.

Game seed: 15035081821190013470

8701 IdlyInterested the Slicer (level 11, -15/67 HPs)
             Began as a Demonspawn Fighter on Jan 31, 2023.
             Was a Believer of Hepliaklqana.
             Demolished by a komodo dragon (22 damage)
             ... on level 10 of the Dungeon.
             The game lasted 00:39:20 (10030 turns).

IdlyInterested the Slicer (Demonspawn Fighter)     Turns: 10030, Time: 00:39:21

Health: -15/67     AC:  7    Str: 16    XL:     11   Next: 13%
Magic:  15/15      EV: 10    Int:  9    God:    Hepliaklqana [**....]
Gold:   267        SH:  0    Dex: 18    Spells: 10/10 levels left

rFire   . . .      SeeInvis .    a - +2 rapier (spect)
rCold   . . .      Faith    .    c - +1 buckler
rNeg    . . .      Spirit   .    P - +1 scale mail {rPois}
rPois   +          Reflect  .    (helmet restricted)
rElec   .          Harm     .    H - scarf {shadows}
rCorr   +          Rampage  .    J - +0 pair of gloves
Will    .....                    k - +0 pair of boots Stlth
                                 t - amulet of regeneration
HPRegen 1.11/turn                e - ring of resist corrosion
MPRegen 0.14/turn                (no ring)

@: confused, ambrosia-drunk, corroded
A: reduced essence, antennae 2, foul stench 3, sharp scales 1, sense
surroundings 1
a: Renounce Religion, Recall Ancestor, Ancestor Identity


You were on level 10 of the Dungeon.
You worshipped Hepliaklqana.
Hepliaklqana was pleased with you.
You visited 2 branches of the dungeon, and saw 11 of its levels.
You also visited: Sewer and Ossuary.

You collected 681 gold pieces.
You spent 414 gold pieces at shops.

Inventory:

Hand Weapons
 a - a +2 spectral rapier (weapon)
 u - a +2 dagger of freezing
 C - a +0 vampiric short sword
 F - a +0 rapier
 I - a +1 dagger of venom
 Q - a +2 dagger of draining
 R - a +4 dagger of distortion
Missiles
 n - 44 stones
 o - 26 boomerangs (quivered)
 p - 4 curare-tipped darts
 y - 22 poisoned darts
Armour
 b - +0 steam dragon scales
 c - a +1 buckler (worn)
 k - a +0 pair of boots (worn)
 A - a +0 robe of cold resistance
 H - a scarf of shadows (worn)
 J - a +0 pair of gloves (worn)
 N - a +2 ring mail of poison resistance
 O - +0 acid dragon scales
 P - a +1 scale mail of poison resistance (worn)
 S - a +0 robe of positive energy
Jewellery
 e - a ring of resist corrosion (left hand)
 t - an amulet of regeneration (around neck)
Wands
 D - a wand of light (15)
 E - a wand of flame (23)
 M - a wand of roots (18)
Scrolls
 f - 3 scrolls of fog
 h - 4 scrolls of teleportation
 s - 2 scrolls of fear
 v - a scroll of enchant armour
 B - 3 scrolls of immolation
 G - 4 scrolls of vulnerability
 K - 3 scrolls of blinking
 T - a scroll of magic mapping
Potions
 d - 5 potions of might
 g - a potion of haste
 i - 6 potions of brilliance
 j - a potion of cancellation
 l - 2 potions of flight
 m - a potion of mutation
 q - 3 potions of lignification
 r - a potion of magic
 w - 6 potions of curing
 x - a potion of resistance
 z - a potion of ambrosia
 L - a potion of attraction


   Skills:
 + Level 3.0 Fighting
 * Level 13.5 Short Blades
 - Level 1.0 Throwing
 - Level 3.0 Armour
 - Level 3.0 Dodging
 - Level 3.0 Stealth
 - Level 6.0 Shields
 - Level 6.0 Invocations
 - Level 1.0 Evocations


You had 10 spell levels left.
You didn't know any spells.
Your spell library contained the following spells:

 Spells                   Type           Power      Damage    Failure   Level
 Foxfire                  Conj/Fire      0%         2x1d4     88%         1
 Magic Dart               Conj           0%         1d3       88%         1
 Slow                     Hex            0%         N/A       88%         1
 Lesser Beckoning         Tloc           0%         N/A       95%         2
 Searing Ray              Conj           0%         2d4       95%         2
 Sublimation of Blood     Necr           0%         N/A       95%         2
 Confusing Touch          Hex            0%         N/A       99%         3
 Gell's Gravitas          Tloc           0%         N/A       99%         3
 Inner Flame              Hex/Fire       0%         N/A       99%         3
 Teleport Other           Tloc           0%         N/A       99%         3
 Vampiric Draining        Necr           0%         2d6       99%         3
 Animate Dead             Necr           0%         N/A       100%        4
 Cause Fear               Hex            0%         N/A       100%        4
 Fulminant Prism          Conj/Hex       0%         3d5       100%        4
 Petrify                  Tmut/Erth      0%         N/A       100%        4
 Fireball                 Conj/Fire      0%         3d3       100%        5
 Irradiate                Conj/Tmut      0%         3d11      100%        5
 Starburst                Conj/Fire      0%         6d3       100%        6
 Haunt                    Necr/Summ      0%         N/A       100%        7
 Discord                  Hex            0%         N/A       100%        8
 Infestation              Necr           0%         N/A       100%        8


Dungeon Overview and Level Annotations

Branches:
Dungeon (10/15)            Temple (1/1) D:4             Orc (0/2) D:9
  Sewer (visited)         Ossuary (visited)
   Lair: D:8-11

Altars:
Cheibriados
Fedhas
Gozag
Hepliaklqana
Kikubaaqudgha
Makhleb
Okawaru
Qazlal
Ru
Sif Muna
Trog
Uskayaw
Vehumet
Wu Jian
Xom
Yredelemnul

Shops:
D:5 !   D:6 [   D:9 =


Innate Abilities, Weirdness & Mutations

Your life essence is reduced to manifest your ancestor. (-10% HP)
You have a pair of antennae on your head.
You frequently emit foul miasma when damaged in melee.
You are partially covered in razor-sharp scales. (AC +1, Slay +1)
You passively map a small area around you.


Message History

The komodo dragon is engulfed in dark miasma.
The komodo dragon looks even sicker.
You kill the komodo dragon!
Training target 6.0 for Invocations reached!
Your Invocations skill increases to level 6!
You swap places.
You hear a twanging sound.
An arrow appears from out of your range of vision.
The arrow hits Nefertari!
A wraith comes into view.
The komodo dragon bites Nefertari!!
You hear a roar!
You see here a komodo dragon corpse.
An acid dragon and a centaur come into view.
The acid dragon roars!
The centaur shoots an arrow.
The arrow closely misses you.
The centaur shoots an arrow.
You block the arrow.
The acid dragon moves out of view.
You hit the komodo dragon.
The komodo dragon is lightly wounded.
Your +2 spectral rapier hits the komodo dragon!
The centaur shoots an arrow.
The arrow hits your +2 spectral rapier!
Your spectral weapon shares its damage with you!
* * * LOW HITPOINT WARNING * * *
Nefertari barely misses the komodo dragon.
The acid dragon spits acid at you. The splash of acid hits you! You resist.
* * * LOW HITPOINT WARNING * * *
The acid corrodes you!
You see here a komodo dragon corpse.
You hit the komodo dragon but do no damage.
The komodo dragon is lightly wounded.
Nefertari points at the komodo dragon and mumbles some strange words.
The komodo dragon easily resists.
The komodo dragon bites you!
* * * LOW HITPOINT WARNING * * *
You are confused.
You feel invigorated.
Nefertari hits the komodo dragon with a +0 dagger of draining.
Nefertari drains the komodo dragon.
The komodo dragon bites you!!
You die...

....#..#......# ,
....#..#......#.. ,
....+..#......#.. ,,,
....####...####.. ##. ,
.....?.....##...# .#.., *
###...#....##.#.# {.. ,
......#....##...###.# ,
......#....# #..).D.##.#
......#....###..@#......
......#.........Rlc..# ,
......#..#..#...#..#.#,
.....R#.........#.... , ,
....................... ,
,
#####################.#.*
* *... *##


You could see the friendly Nefertari the hexer, a komodo dragon (drained, ally
target), an acid dragon and a centaur.

Vanquished Creatures
  3 two-headed ogres (D:10)
  Psyche (D:10)
  A komodo dragon (D:10)
  9 yaks (D:8)
  A wraith (D:9)
  A wyvern (D:7)
  A steam dragon (D:7)
  2 acid dragons
  2 black bears
  An orc warrior (D:8)
  3 sky beasts (D:7)
  4 ice beasts
  An ogre (D:5)
  3 centaurs
  2 phantoms
  4 kobold brigands
  2 bullfrogs
  A gnoll sergeant (D:7)
  3 necrophages (D:7)
  4 scorpions
  A wight (D:7)
  18 killer bees
  A hound (D:6)
  A jelly (D:6)
  A gnoll bouda (D:4)
  6 orc priests
  A human zombie (D:7)
  2 iguanas
  13 orc wizards
  11 mummies
  3 howler monkey zombies (D:7)
  5 gnolls
  6 adders
  7 river rats (Sewer)
  3 ufetubi
  5 worms
  7 dart slugs
  32 orcs
  9 ball pythons
  7 endoplasms
  3 giant cockroaches
  3 goblins
  10 hobgoblins
  A jackal (Sewer)
  22 kobolds
  A quokka (D:1)
  4 bats
  10 frilled lizards
  A gnoll zombie (Ossuary)
  2 hobgoblin zombies (Ossuary)
  2 kobold zombies (Ossuary)
  3 orc zombies (Ossuary)
  8 rats
258 creatures vanquished.

Vanquished Creatures (collateral kills)
  A bullfrog (D:9)
  2 killer bees (D:9)
  A centaur zombie (D:7)
  An orc wizard (D:7)
  3 gnolls (D:7)
  3 orcs (D:7)
  A kobold (D:9)
12 creatures vanquished.

Vanquished Creatures (others)
  A hexer (D:10)
  An ancestor (D:8)
  29 plants (Sewer)
31 creatures vanquished.

Grand Total: 301 creatures vanquished

Notes
Turn   | Place    | Note
-------+----------+-------------------------------------------
     0 | D:1      | IdlyInterested the Demonspawn Fighter began the quest for
                  | the Orb.
     0 | D:1      | Reached XP level 1. HP: 18/18 MP: 1/1
    50 | D:1      | Reached skill level 2 in Short Blades
   116 | D:1      | Found a faded altar of an unknown god.
   190 | D:1      | Gained mutation: You may rarely emit foul miasma when
                  | damaged in melee. [demonic ancestry]
   190 | D:1      | Reached XP level 2. HP: 21/24 MP: 2/2
   250 | D:1      | You fall into a shaft and drop 1 floor!
   433 | D:1      | Reached skill level 1 in Stealth
   672 | D:1      | Gained mutation: You sometimes emit foul miasma when
                  | damaged in melee. [demonic ancestry]
   672 | D:1      | Reached XP level 3. HP: 29/29 MP: 3/3
  1041 | D:2      | Reached skill level 3 in Short Blades
  1686 | D:2      | Reached skill level 1 in Dodging
  1852 | D:3      | Reached XP level 4. HP: 35/35 MP: 4/4
  1864 | D:3      | Found a shimmering altar of Xom.
  1966 | D:3      | Reached skill level 1 in Throwing
  2108 | D:3      | Found a shimmering blue altar of Sif Muna.
  2120 | D:3      | Reached skill level 4 in Short Blades
  2120 | D:3      | Gained mutation: You are partially covered in razor-sharp
                  | scales. (AC +1, Slay +1) [demonic ancestry]
  2120 | D:3      | Reached XP level 5. HP: 26/41 MP: 5/5
  2235 | D:3      | Found a sacrificial altar of Ru.
  2438 | D:4      | Noticed a phantom
  2449 | D:4      | Killed a phantom
  2523 | D:4      | Found a sand-covered staircase.
  2531 | Ossuary  | Entered an ossuary
  2551 | Ossuary  | Reached XP level 6. HP: 24/47 MP: 6/6
  2556 | Ossuary  | HP: 2/47 [mummy (3)]
  2559 | Ossuary  | Reached skill level 5 in Short Blades
  2897 | D:4      | Found a glowing drain.
  2907 | Sewer    | Entered a sewer
  3417 | Sewer    | Reached skill level 6 in Short Blades
  3417 | Sewer    | Reached XP level 7. HP: 49/52 MP: 7/7
  3740 | D:4      | Found a staircase to the Ecumenical Temple.
  3772 | Temple   | Entered the Ecumenical Temple
  4575 | D:4      | Gained mutation: You passively map a small area around you.
                  | [potion of mutation]
  4592 | D:5      | Entered Level 5 of the Dungeon
  4712 | D:5      | Found Ismoceuz's Distillery.
  4804 | D:5      | Bought a potion of degeneration for 12 gold pieces
  4804 | D:5      | Bought a potion of attraction for 36 gold pieces
  4971 | D:5      | Reached skill level 7 in Short Blades
  5031 | D:5      | Gained mutation: You have a pair of small antennae on your
                  | head. [demonic ancestry]
  5031 | D:5      | Reached XP level 8. HP: 39/58 MP: 8/8
  5195 | D:5      | Reached skill level 1 in Evocations
  5315 | D:6      | Reached skill level 8 in Short Blades
  5362 | D:5      | Bought a potion of might for 48 gold pieces
  5362 | D:5      | Bought a potion of curing for 36 gold pieces
  5362 | D:5      | Bought a potion of might for 48 gold pieces
  5362 | D:5      | Bought a potion of curing for 36 gold pieces
  5576 | Temple   | Became a worshipper of Hepliaklqana the Forgotten
  5761 | D:6      | Found a stormy altar of Qazlal.
  5814 | D:6      | Found Soxoweje's Armour Shoppe.
  6260 | D:6      | Found a bloodstained altar of Trog.
  6595 | D:6      | Bought a +2 ring mail of poison resistance for 198 gold
                  | pieces
  6699 | D:7      | Reached skill level 9 in Short Blades
  6707 | D:7      | Reached XP level 9. HP: 55/63 MP: 9/9
  6949 | D:7      | Reached * piety under Hepliaklqana
  6970 | D:7      | Reached skill level 5 in Shields
  6981 | D:7      | Reached skill level 10 in Short Blades
  7461 | D:7      | Found a basalt altar of Yredelemnul.
  7730 | D:8      | Reached skill level 11 in Short Blades
  7737 | D:8      | Gained mutation: You frequently emit foul miasma when
                  | damaged in melee. [demonic ancestry]
  7737 | D:8      | Reached XP level 10. HP: 31/63 MP: 10/10
  7971 | D:8      | Reached skill level 12 in Short Blades
  8228 | D:8      | Reached ** piety under Hepliaklqana
  8229 | D:8      | Remembered your ancestor Nefertari as a hexer
  8555 | D:9      | Reached skill level 1 in Invocations
  8728 | D:9      | Found an iron altar of Okawaru.
  8781 | D:9      | Found Zaorgh's Jewellery Emporium.
  9157 | D:9      | Found a staircase to the Orcish Mines.
  9722 | D:10     | Entered Level 10 of the Dungeon
  9792 | D:10     | Noticed Psyche
  9798 | D:10     | Killed Psyche
  9833 | D:10     | Found a snail-covered altar of Cheibriados.
  9843 | D:10     | Noticed a two-headed ogre
  9852 | D:10     | Killed a two-headed ogre
  9853 | D:10     | Reached skill level 13 in Short Blades
  9983 | D:10     | Reached skill level 5 in Invocations
 10007 | D:10     | Noticed a two-headed ogre
 10009 | D:10     | Noticed a two-headed ogre
 10013 | D:10     | Killed a two-headed ogre
 10014 | D:10     | Gained mutation: You have a pair of antennae on your head.
                  | [demonic ancestry]
 10014 | D:10     | Reached XP level 11. HP: 67/67 MP: 13/15
 10019 | D:10     | Killed a two-headed ogre
 10029 | D:10     | HP: 1/67 [komodo dragon (7)]
 10030 | D:10     | Demolished by a komodo dragon

Illustrated notes

Levels and vault maps discovered:
D:1:      sevenhm_arrival_forest_fort_large_4, layout_basic,
          ebering_ecumenical_altar_abandoned, nicolae_figureground_sparkle
D:2:      layout_basic
D:3:      layout_rooms, marbit_many_paths, kennysheep_orc_sif_temple,
          mainiacjoe_overflow_alcove_1, st_stairs_1, minivault_19
D:4:      layout_cave_pods, minmay_temple_entry_glass,
          chequers_ossuary_entry_cave, cheibrodos_sewer_entry_bend,
          minivault_27, st_stairs_4
D:5:      layout_cave_pools, serial_shops,
          nicolae_shop_temple_entry_statues_fountains, minmay_misc_feat_chi
D:6:      layout_basic, mainiacjoe_overflow_chevrons, bloody_trog, serial_shops,
          shop, minivault_10
D:7:      layout_loops_cross, lemuel_mausoleum_altar_yredelemnul
D:8:      layout_cave_pools, minmay_misc_feat_hallway
D:9:      layout_layer_cave, kennysheep_little_box, orc_0_dummy,
          wad_floor_pattern_2, minmay_shop_enchanted_jewellery
D:10:     layout_stronghold, minitemple, overflow_temple_1_default,
          kennysheep_slug_shrine, minmay_fractal_squares_5, uniq_psyche
Temple:   chequers_temple_sunken

Skill      XL: |  1  2  3  4  5  6  7  8  9 10 11 |
---------------+----------------------------------+-----
Short Blades   | 2 3 4 6 7 9 11 13 | 13.5
Stealth        | 1 3 |  3.0
Dodging        | 1 3 |  3.0
Throwing       | 1 |  1.0
Armour         | 3 |  3.0
Evocations     | 1 |  1.0
Shields        | 4 6 |  6.0
Invocations    | 5 6 |  6.0
Fighting       | |  3.0

Action                     |  1- 3 |  4- 6 |  7- 9 | 10-12 || total
---------------------------+-------+-------+-------+-------++-------
  Melee: Rapier            |   100 |   202 |   321 |   148 ||   771
  Throw: Stone             |    13 |     7 |    20 |       ||    40
         Boomerang         |       |       |     1 |    12 ||    13
         Dart              |       |       |       |     3 ||     3
 Invoke: Ancestor Life: He |       |       |       |     1 ||     1
    Use: Scroll            |     5 |    11 |     3 |     2 ||    21
         Potion            |       |     3 |     7 |     1 ||    11
   Stab: Sleeping          |       |       |     1 |       ||     1
         Distracted        |       |       |     1 |     7 ||     8
         Confused          |       |       |       |     2 ||     2
 Armour: Scale mail        |    39 |    54 |    67 |    39 ||   199
         Ring mail         |       |       |    16 |       ||    16
  Dodge: Dodged            |    42 |    40 |    82 |    46 ||   210
  Block: Buckler           |    23 |    22 |    68 |    40 ||   153

Table legend: (Time is in decaauts)
 A = Elapsed time spent in this place.
 B = Non-inter-level travel time spent in this place.
 C = Inter-level travel time spent in this place.
 D = Time resting spent in this place.
 E = Time spent auto-exploring this place.
 F = Levels seen in this place.
 G = Mean time per level.
                   A        B        C        D        E       F      G
               +--------+--------+--------+--------+--------+-----+--------+
         Total |  10153 |   8547 |   1606 |    229 |   5549 |  13 |  781.0 |
       Dungeon |   8752 |   7180 |   1572 |    229 |   4946 |  10 |  875.2 |
        Temple |    191 |    158 |     33 |      0 |    148 |   1 |  191.0 |
         Sewer |    904 |    904 |      0 |      0 |    235 |   1 |  904.0 |
       Ossuary |    305 |    305 |      0 |      0 |    220 |   1 |  305.0 |
               +--------+--------+--------+--------+--------+-----+--------+

Top non-repeatable levels by time:
     D:6: 1305 daAuts
     D:4: 1292 daAuts
     D:9: 1263 daAuts
     D:7: 1012 daAuts
     D:2: 920 daAuts
   Sewer: 904 daAuts
     D:1: 887 daAuts
     D:5: 666 daAuts
     D:8: 625 daAuts
     D:3: 554 daAuts
 Ossuary: 305 daAuts
    D:10: 224 daAuts
  Temple: 191 daAuts
